[Event "86th Tata Steel Challengers 2024"]
[Site "Scheveningen"]
[Date "2024.01.23"]
[Round "9.1"]
[White "Dardha, Daniel"]
[Black "Salem, A.R. Saleh"]
[Result "1-0"]
[ECO "A17"]
[WhiteElo "2602"]
[BlackElo "2630"]
[Annotator "TA"]
[PlyCount "65"]
[EventDate "2024.01.02"]
[EventType "tourn"]
[EventCountry "NED"]
[SourceTitle "playchess.com"]
[Source "ChessBase"]
[SourceQuality "1"]
[TimeControl "40/6000+30:20/3000+30:900+30"]

1. Nf3 Nf6 2. c4 c5 3. Nc3 e6 4. e3 d5 5. cxd5 Nxd5 6. Bc4 Be7 7. O-O O-O 8. d4 {[%emt 0:00:51] The position is equal.} Nxc3 9. bxc3 Qc7 10. Bd3 Nc6 11. e4 Rd8 12. Be3 Na5 {[%emt 0:14:45] [#]} (12... b6 $11 {remains equal.}) 13. e5 $1 $16 g6 14. Ng5 {[%emt 0:06:29] White is more active.} cxd4 15. cxd4 Bxg5 16. Bxg5 {[%emt 0:00:19] Threatens to win with Rc1.} Rxd4 17. Qe2 {[%emt 0:03:25] Rac1 would now be deadly.} Nc6 {[%emt 0:03:20] Black is on the road to losing.} ({Better is} 17... Qc3 $14 18. Rfd1 Bd7) 18. Bf6 {[%emt 0:01:44] This pair of bishops is nice.} Rf4 (18... Ne7 $16 {was called for.}) 19. Qe3 $18 Rxf6 20. exf6 {[%emt 0:00:05] White threatens Qh6 and mate.} Qd8 {[%emt 0:00:04] [#]} 21. Qg5 h6 (21... Qxd3 22. Qh6) (21... Nb4 22. Rfd1) 22. Qh4 ({Don't play} 22. Qxh6 Qxf6 23. Be4 e5 24. Bxc6 Qxc6) 22... e5 ({Weaker is} 22... Qxd3 23. Qxh6) 23. Rad1 Qf8 24. Qg3 {[%emt 0:01:55][%cal Od3g6] Black must now prevent Bxg6!} Be6 25. Be4 Re8 26. Rfe1 Bxa2 $2 {[%emt 0:00:44] [#]} (26... Kh8 27. Rb1 Rb8 28. Bxc6 bxc6 29. Qxe5 Rc8) 27. Bxg6 $1 Kh8 28. Be4 Nd4 $2 (28... Qg8 29. Qa3 Be6) 29. Qh4 {[%emt 0:00:41] White is clearly winning.} Bc4 30. Re3 Rd8 31. Rde1 {[%emt 0:02:17] Prevents Ne2+} (31. Bxb7 $2 {gets mated.} Ne2+ 32. Rxe2 Rxd1+) 31... Ne2+ 32. R1xe2 Bxe2 33. h3 {[%emt 0:00:06] Weighted Error Value: White=0.13 (very precise) /Black=0.47.  Mistake:       	---       	Black=5      Inaccurate:     	---       	Black=1      OK:         	White=13    	Black=10     Best:        	White=1     	Black=2      Strong:       	White=1     	---        Brilliant:      	White=1     	---} 1-0

[Event "86th Tata Steel Challengers 2024"]
[Site "Scheveningen"]
[Date "2024.01.23"]
[Round "9.2"]
[White "L'Ami, Erwin"]
[Black "Yilmaz, Mustafa"]
[Result "1/2-1/2"]
[ECO "D38"]
[WhiteElo "2627"]
[BlackElo "2665"]
[Annotator "TA"]
[PlyCount "62"]
[EventDate "2024.01.02"]
[EventType "tourn"]
[EventCountry "NED"]
[SourceTitle "playchess.com"]
[Source "ChessBase"]
[SourceQuality "1"]
[TimeControl "40/6000+30:20/3000+30:900+30"]

1. d4 Nf6 2. c4 e6 3. Nf3 d5 4. Nc3 Bb4 5. Bg5 h6 6. Bxf6 Qxf6 7. e3 O-O 8. Rc1 dxc4 9. Bxc4 c5 10. O-O cxd4 {[%emt 0:00:42] D38: Queen's Gambit Declined: Ragozin Defence (4 Nf3 Bb4).} 11. Ne4 Qe7 12. a3 Ba5 13. Qxd4 Rd8 {[%emt 0:02:28] Wards off Qd6} 14. Qc5 (14. Qe5 {is interesting.} Bb6 15. Rfd1 Nc6 16. Rxd8+ Bxd8 17. Qc3) 14... Qxc5 15. Nxc5 {[%emt 0:00:10] [#]} Bb6 $146 (15... Nd7 $5 ) ({Predecessor:} 15... Nd7 16. Nb3 Bb6 17. Be2 Nf6 18. Ne5 Bd7 19. Nc5 Bxc5 20. Rxc5 Rac8 21. Rfc1 Rxc5 22. Rxc5 {½-½ Martirosyan,H (2685)-Robson,R (2689) Prague Masters 5th 2023 (1)}) 16. Nb3 Nc6 {[%emt 0:15:20] The position is equal.} 17. Bb5 Bd7 18. Nc5 Bxc5 19. Rxc5 Rac8 20. Rfc1 Nb8 {[%emt 0:13:04] [#] aiming for ...Rxc5.} 21. Bxd7 Rxc5 22. Rxc5 {[%emt 0:00:09] Threatens to win with Ba4.} Nxd7 $11 {[%emt 0:00:33][%mdl 4096] Endgame KRN-KRN} 23. Rc7 Nb6 {[%emt 0:01:27] ( -> ...Rd1+)} 24. Kf1 Rd7 25. Rc2 Kf8 26. Ke2 Rd8 27. Ne5 {[%emt 0:05:55] Rc7 would be deadly.} Rc8 {[%emt 0:03:26] Inhibits Rc7.} 28. Rxc8+ Nxc8 29. Kd3 Ke7 30. e4 f6 31. Nc4 e5 {[%emt 0:04:34] An interesting draw.   Weighted Error Value: White=0.04 (flawless) /Black=0.03 (flawless)} 1/2-1/2

[Event "86th Tata Steel Challengers 2024"]
[Site "Scheveningen"]
[Date "2024.01.23"]
[Round "9.3"]
[White "Dronavalli, Harika"]
[Black "Niemann, Hans Moke"]
[Result "0-1"]
[ECO "A32"]
[WhiteElo "2500"]
[BlackElo "2692"]
[Annotator "TA"]
[PlyCount "86"]
[EventDate "2024.01.02"]
[EventType "tourn"]
[EventCountry "NED"]
[SourceTitle "playchess.com"]
[Source "ChessBase"]
[SourceQuality "1"]
[TimeControl "40/6000+30:20/3000+30:900+30"]

1. d4 Nf6 2. c4 e6 3. g3 c5 4. Nf3 cxd4 5. Nxd4 a6 6. Bg2 Qc7 7. Nd2 Nc6 8. N4f3 {[%emt 0:02:52] A32: Symmetrical English: 2 Nf3 Nf6 3 d4 cxd4 4 Nxd4 e6.} Be7 9. O-O O-O 10. a3 {[%emt 0:11:31] The position is equal.} b5 {[%emt 0:02:49][%cal Bb7b5,Bb5b4][%mdl 32] [#]} 11. b3 $146 ({Predecessor:} 11. b4 Bb7 12. cxb5 axb5 13. Bb2 Qb6 14. e4 d6 15. Qe2 Rab8 16. Rfd1 Ng4 17. h3 {0-1 Criado de Diego,P (2123)-Barria Zuniga,D (2420) Galapagar op 07th 2006 (3)}) 11... Bb7 12. Bb2 b4 13. a4 d6 14. Qc2 Nd7 15. Rad1 Na5 16. e4 Bf6 17. Bxf6 Nxf6 18. Ne1 Nc6 19. Ndf3 e5 20. Qe2 Nd8 21. Nh4 Ne6 22. Nf5 Rad8 23. Nc2 a5 {[%emt 0:00:47] Hoping for ...Nc5.} 24. f3 $1 Nc5 25. Rb1 g6 26. Nfe3 h5 27. Nd5 {[%emt 0:04:43] White is now going downhill.} (27. h4 $15) 27... Nxd5 $17 28. exd5 Bc8 {[%emt 0:00:24] Black is more active.} 29. Rf2 (29. Ne1 $17 {was called for.}) 29... Rde8 30. Qf1 Qa7 31. Kh1 (31. Qc1 $142) 31... Bf5 32. Qg1 Qe7 33. Qd1 $2 (33. Rb2 {was worth a try.}) 33... h4 $19 34. g4 Bc8 (34... Bd3 $142 {White must now prevent ...e4.} 35. Bf1 e4) 35. Ne3 {[%emt 0:02:35] [#]} h3 $1 36. Bf1 (36. Bxh3 Qh4) 36... Qh4 37. Qe1 f5 38. Re2 Qxe1 {[%emt 0:00:41] Black is clearly winning.} 39. Rexe1 fxg4 40. fxg4 Rf3 {[%emt 0:00:43] Threatens to win with ...Ref8. White is weak on the dark squares} 41. Kg1 Ref8 42. Rb2 R8f4 {[%emt 0:00:08] And now ...Re4 would win.} 43. Ree2 Re4 {[%emt 0:00:16] Weighted Error Value: White=0.42/Black=0.08 (flawless)} 0-1

[Event "86th Tata Steel Challengers 2024"]
[Site "Scheveningen"]
[Date "2024.01.23"]
[Round "9.4"]
[White "Roebers, Eline"]
[Black "Vrolijk, Liam"]
[Result "0-1"]
[ECO "C38"]
[WhiteElo "2381"]
[BlackElo "2573"]
[Annotator "TA"]
[PlyCount "62"]
[EventDate "2024.01.02"]
[EventType "tourn"]
[EventCountry "NED"]
[SourceTitle "playchess.com"]
[Source "ChessBase"]
[SourceQuality "1"]
[TimeControl "40/6000+30:20/3000+30:900+30"]

1. e4 e5 2. f4 exf4 3. Bc4 Nc6 4. Nf3 g5 5. O-O d6 6. d4 Bg7 7. c3 h6 8. h4 {[%emt 0:02:29] C38: King's Gambit Accepted: 3 Nf3 g5 4 Bc4 Bg7.} Qe7 $17 9. a4 Bg4 $5 {[%emt 0:04:35][%mdl 4] [#] A promising side line.} (9... Qxe4 $2 10. Re1 $18 (10. hxg5 Nge7 $15) (10. hxg5 Nge7 $15)) (9... gxh4 $6 10. Bxf4 h3 11. Nbd2 $11) 10. b4 $146 {[%emt 0:34:07] Black is better.} ({Predecessor:} 10. Qd3 O-O-O 11. a5 Nf6 12. a6 b6 13. Na3 Kb8 14. Nc2 d5 15. exd5 Nxd5 16. Bb3 {0-1 Dyda,T (2179)-Szabo,M (2254) RM-2014-0-00147}) 10... Nf6 (10... Qxe4 $2 11. Re1 $18) 11. Nbd2 Nh5 {[%emt 0:04:31] Black is more active.} (11... Nxe4 12. Nxe4 Bxf3 13. gxf3 $18) 12. Nb3 Nd8 (12... gxh4 13. e5 $17 (13. b5 Nd8 $17)) (12... Qxe4 $2 13. Re1 $18 (13. hxg5 $2 O-O-O $19) (13. hxg5 $2 O-O-O $19)) ({Black should try} 12... Qd7 $19 13. Qd3 Ng3) 13. Re1 Be6 14. Bf1 (14. d5 $17 Bg4 15. Nbd4) 14... g4 $19 {[%emt 0:03:42][%mdl 64] Hoping for ...Bxb3. Deflection} ({Worse is} 14... gxh4 15. e5 O-O 16. b5 $11) 15. Nh2 Qxh4 16. c4 (16. Nd2 $142) 16... f3 17. gxf3 g3 18. Ra2 gxh2+ (18... Nc6 $19 19. Ng4 Nxb4) 19. Rxh2 $15 {[%emt 0:00:05] [#]} Qf6 {[%emt 0:00:23][%cal Oh8g8] White must now prevent ...Rg8!} 20. e5 $1 dxe5 21. dxe5 Qe7 {[%emt 0:07:40] ...Ng3 is the strong threat.} 22. Rxh5 Qxb4 23. Nd4 {[%emt 0:08:17] [#]} Bf8 (23... Bd7 $1 $17 {And now ...Ne6 would win.} 24. Be3 Ne6 25. Nxe6 Bxe6) 24. Nb5 $1 $11 Qa5 $132 {[%emt 0:00:39][%mdl 2048] Strongly threatening ...Bb4. Black is fighting back} (24... Bxc4 $2 25. Nxc7+ Ke7 26. Qd6+ Qxd6 27. exd6+ Kd7 28. Bxc4 $18) (24... Rg8+ {looks sharper.} 25. Kh1 Qa5 26. Bd2 Qb6) 25. Kh2 (25. Bd2 $1 $11 Qb6+ 26. Kh1 (26. Be3 Qa5 $11)) 25... Nc6 $17 26. Bd2 $1 {[%emt 0:02:28] [#]} Bb4 ({Better is} 26... Nb4 $1 $17 27. Nd4 O-O-O 28. Nxe6 fxe6) 27. Bxb4 $11 Nxb4 28. f4 $1 Nc6 {[%emt 0:04:09] ...Rd8 would be deadly.} 29. f5 $1 Rd8 {[%emt 0:00:37][%mdl 64] Deflection} 30. Qg4 (30. Qc1 $11 Qd2+ 31. Kh1 Qxc1 32. Rxc1) 30... Qxe1 $19 31. fxe6 Qxf1 {[%emt 0:01:03] Artfully played by Vrolijk.   Weighted Error Value: White=0.59/Black=0.44} 0-1

[Event "86th Tata Steel Challengers 2024"]
[Site "Scheveningen"]
[Date "2024.01.23"]
[Round "9.5"]
[White "Maurizzi, Marc`Andria"]
[Black "Divya Deshmukh"]
[Result "1-0"]
[ECO "D79"]
[WhiteElo "2572"]
[BlackElo "2420"]
[Annotator "TA"]
[PlyCount "101"]
[EventDate "2024.01.02"]
[EventType "tourn"]
[EventCountry "NED"]
[SourceTitle "playchess.com"]
[Source "ChessBase"]
[SourceQuality "1"]
[TimeControl "40/6000+30:20/3000+30:900+30"]

1. Nf3 Nf6 2. g3 c5 3. Bg2 g6 4. O-O Bg7 5. c3 O-O 6. d4 cxd4 7. cxd4 d5 8. Nc3 Nc6 9. Ne5 e6 10. Nxc6 bxc6 11. b3 Re8 12. Bb2 Ba6 13. Na4 Nd7 {[%emt 0:03:17] Die Stellung ist ausgeglichen.} 14. Qd2 Bb5 15. Nc3 Qb6 16. Nxb5 Qxb5 17. Rfc1 a5 18. e3 a4 19. Bf1 Qb7 20. b4 a3 21. Bc3 Reb8 22. Rab1 Nf6 23. Qc2 Qd7 24. Rb3 Ne4 25. Be1 Rb6 26. Bd3 Nd6 {[%emt 0:00:35] [#]} (26... Ng5 $14) 27. Rc3 $1 $16 Qd8 28. Rb1 ({Besser ist} 28. Rxc6 $18 Rxc6 29. Qxc6) 28... Qe8 $14 29. Rc1 (29. Qc1 $14) 29... Qd8 $1 $16 {[%emt 0:01:53] Weiß behält die Zügel nun fest in der Hand.} 30. Bd2 $36 {[%emt 0:01:06][%mdl 2048] Schwarz muss aufpassen.} Rxb4 {[%emt 0:04:31] [#]} 31. Rxa3 $3 Rbb8 (31... Rb1 32. Rxb1) 32. Rxa8 Rxa8 33. a4 (33. Qxc6 Rxa2 34. Rc2 Rxc2 35. Qxc2 Qb8 $11) 33... Bf8 (33... Nc4 $16) 34. a5 $18 ({Lieber nicht} 34. Qxc6 Rc8 35. Qa6 Ra8 $11) 34... Nc4 35. Bxc4 dxc4 36. Be1 Qd5 37. Qxc4 Qxc4 38. Rxc4 {[%emt 0:00:04][%mdl 4096] Endspiel. KRB-KRB} Ra6 39. Kf1 Bd6 40. Ke2 Kf8 41. Kd3 Ke7 42. Rc2 Kd7 43. Kc4 Kc8 44. e4 Bc7 45. Ra2 Kb7 46. e5 {[%emt 0:00:00] Schwarz muss nun Ra3 beachten.} Ra7 (46... Kc8 $142 47. Ra3 Kd7) 47. Bb4 (47. Kc5 Ra6 48. Ra3 Kc8 $14) 47... Ka6 (47... Bd8 {war angesagt.} 48. Ra3 g5 49. a6+ Rxa6) 48. Bc5 Ra8 {[%emt 0:00:00] [#]} 49. Bb6 $1 {[%emt 0:00:00][%mdl 512] Weiß steht klar auf Gewinn.} Bd8 (49... Kb7 50. Bxc7) 50. Kc5 Rc8 51. Kd6 {[%emt 0:00:00] Pariert Be7+.   Gewichteter Fehlerwert: Weiß=0.11 (sehr präzise) /Schwarz=0.22 (präzise) .  Fehler:       	Weiß=2     	Schwarz=4     Ungenau:       	Weiß=1     	Schwarz=2     OK:         	Weiß=18    	Schwarz=11    Bester:       	Weiß=2     	---        Stark:        	Weiß=1     	Schwarz=1     Brilliant:      	Weiß=1     	---} 1-0

[Event "86th Tata Steel Challengers 2024"]
[Site "Scheveningen"]
[Date "2024.01.23"]
[Round "9.7"]
[White "Mendonca, Leon Luke"]
[Black "Santos Latasa, Jaime"]
[Result "1-0"]
[ECO "C54"]
[WhiteElo "2608"]
[BlackElo "2615"]
[Annotator "TA"]
[PlyCount "221"]
[EventDate "2024.01.02"]
[EventType "tourn"]
[EventCountry "NED"]
[SourceTitle "playchess.com"]
[Source "ChessBase"]
[SourceQuality "1"]
[TimeControl "40/6000+30:20/3000+30:900+30"]

1. e4 e5 2. Nf3 Nc6 3. Bc4 Bc5 4. d3 Nf6 5. c3 d6 6. Bg5 h6 7. Bh4 a6 8. a4 Ba7 9. Nbd2 Qe7 10. O-O g5 11. Bg3 Nh7 12. b4 Nf8 13. Bd5 Ng6 14. b5 Na5 15. Kh1 g4 16. Ng1 h5 17. h3 Be6 18. bxa6 Bxd5 19. exd5 bxa6 20. d4 f5 21. Qe2 O-O 22. Rae1 f4 23. Bh2 Qg5 24. Qd3 Qf5 25. Re4 Kg7 (25... exd4 $17 {Threatens to win with ...c6.} 26. cxd4 Qxd5) 26. Ne2 $1 $15 Kh7 (26... Rab8 $1 $17 {And now ...Rb2 would win.} 27. dxe5 dxe5) 27. f3 $1 $11 (27. Qxa6 $2 Nb3 28. hxg4 hxg4 $19) 27... gxh3 28. g3 fxg3 29. Nxg3 Nf4 $1 30. Qxa6 Qg6 $1 31. Qxa5 h4 $1 32. Rg1 $1 (32. Qxc7+ $2 Rf7 $19) 32... Bxd4 33. Qxc7+ Rf7 34. Qxf7+ $1 Qxf7 35. cxd4 hxg3 36. Bxg3 Ng6 (36... Rxa4 37. dxe5 Rxe4 38. Nxe4 $14) (36... Qxd5 $2 37. Bxf4 Rg8 38. Bg5 $18 (38. dxe5 Rxg1+ 39. Kxg1 Qg8+ 40. Kf2 d5 $16)) 37. Rg4 Rxa4 (37... Qxd5 38. Bxe5 dxe5 39. Rxg6 $14) 38. Bf2 exd4 39. Kh2 Ra2 40. Ne4 Qf5 (40... Qxf3 $2 41. Ng5+ (41. Rxg6 $2 {loses.} Qxe4 42. Rg7+ Kh6 $19) 41... Kg7 42. Nxf3 $18) 41. Rxg6 Qxg6 42. Rxg6 Kxg6 43. Kxh3 d3 44. Be3 Ra5 $1 45. Nc3 Ra3 (45... Kf5 $11) 46. Bd2 $1 $16 Kf5 47. Kg3 Ra8 48. Nb5 $1 Rg8+ 49. Kf2 Ke5 50. Ke3 $1 Kxd5 51. Kxd3 Rb8 52. Nd4 Re8 53. Ne2 Ke5 54. Bf4+ Ke6 55. Bg3 Ra8 56. Nd4+ Kd5 57. Nb5 Rg8 $2 (57... Rb8 $16 58. Nxd6 Rb3+ 59. Ke2 Rb2+ 60. Kf1 Rb4) 58. Bf4 $1 $18 (58. Bxd6 Kc6 $11) 58... Rf8 59. Ke3 $1 ({And not} 59. Bxd6 Rxf3+ 60. Kc2 Rf2+ 61. Kd3 Rf3+ 62. Kc2 Rf2+ 63. Kd3 Rf3+ $11) 59... Re8+ 60. Kf2 Rf8 61. Bg3 ({Inferior is} 61. Bxd6 Rxf3+ 62. Kxf3 Kc6 $11) 61... Rb8 62. Nxd6 Rb2+ 63. Kf1 Ke6 64. Nc4 Ra2 65. Ne3 Kf6 66. Bf2 Ke5 67. Kg2 Kf4 68. Nd5+ Ke5 {[%emt 0:00:49] [#]} 69. Nb4 $1 Ra8 70. Be3 Rg8+ 71. Kf2 Rc8 72. Nd3+ Kf5 73. Nc5 Ra8 74. Ne4 Ra4 75. Ng3+ Ke5 76. Kg2 Rb4 77. Bg5 (77. Kh3 $142 Ra4 78. Bg5) 77... Ra4 78. Kh3 Rb4 79. Bd2 Rc4 80. Nh5 Kf5 {[%emt 0:01:08] [#]} 81. f4 $1 Rd4 82. Ng3+ Kg6 83. Be3 Rd3 84. Bb6 Rb3 85. Bd4 Rb4 86. Be5 Ra4 87. Kg4 Rb4 88. Nf5 Ra4 89. Nh4+ Kf7 90. Kf5 Ra5 91. Nf3 Rb5 92. Ng5+ Ke7 93. Kg6 Rb6+ 94. Kg7 Rb5 95. Bf6+ Ke8 96. Kg6 Kf8 97. Bd4 Rb7 98. f5 Kg8 99. f6 (99. Ne6 $142 Re7 100. Bc5 Rd7 101. f6 Rf7 102. Be7 Rh7 103. Ng5 Rg7+ 104. Kf5) 99... Rg7+ 100. Kf5 Re7 101. Bc5 Rc7 102. Be7 Rc8 103. Kg6 Rc6 104. Nf7 Re6 105. Nh6+ Kh8 106. Bf8 Rxf6+ 107. Kxf6 Kh7 108. Ng4 Kg8 109. Bc5 Kh7 110. Kf7 Kh8 111. Kg6 1-0